 Dungeon Crawl Stone Soup version 0.21.1-72-gffa868e (webtiles) character file.

139519 Madoushi the Severer (level 16, -21/155 HPs)
             Began as a Minotaur Berserker on Aug 5, 2018.
             Was a High Priest of Trog.
             Blown up by a great orb of eyes (32 damage)
             ... with a disintegration bolt
             ... on level 2 of the Abyss.
             The game lasted 01:27:39 (30494 turns).

Madoushi the Severer (Minotaur Berserker)          Turns: 30494, Time: 01:27:39

Health: -21/155    AC: 21    Str: 29    XL:     16   Next: 73%
Magic:  0/15       EV: 17    Int: 17    God:    Trog [*****.]
Gold:   2286       SH: 16    Dex: 15    Spells: 15/15 levels left

rFire    . . .     SeeInvis .   b - +9 broad axe (venom)
rCold    . . .     Gourm    .   L - +2 shield {AC+3}
rNeg     . . .     Faith    .   Z - +3 scale mail "Qudee" {Str+3 Int+8 Dex-3 Stlth+}
rPois    +         Spirit   +   X - +1 hat
rElec    +         Reflect  .   p - +0 cloak
rCorr    .         Harm     .   R - +0 pair of gloves
MR       +....                  (no boots)
Stlth    ++........             a - amulet of guardian spirit
HPRegen  0.35/turn              Y - ring "Kileq" {Wiz *Slow +Blink Dex+6}
MPRegen  0.14/turn              e - ring of Orthodoxy {+Inv rElec rPois Int+4}

@: berserk cooldown, slowed, very slow
A: retaliatory headbutt, horns 2
a: Berserk, Trog's Hand, Brothers in Arms, Burn Spellbooks, Renounce Religion,
Evoke Blink, Evoke Invisibility


You were on level 2 of the Abyss.
You worshipped Trog.
Trog was extremely pleased with you.
You were not hungry.

You visited 4 branches of the dungeon, and saw 26 of its levels.
You visited the Abyss 1 time.
You also visited: Sewer.

You collected 3103 gold pieces.
You spent 817 gold pieces at shops.

Inventory:

Hand Weapons
 b - a +9 broad axe of venom (weapon)
 r - a +2 antimagic executioner's axe
 P - a +5 hand axe of flaming
 U - a +3 antimagic broad axe
Armour
 g - a +1 plate armour
 p - a +0 cloak (worn)
 L - a +2 shield of protection (worn)
 R - a +0 pair of gloves (worn)
 X - a +1 hat (worn)
 Z - the +3 scale mail "Qudee" (worn) {Str+3 Int+8 Dex-3 Stlth+}
   (You found it on level 15 of the Dungeon)

   It affects your strength (+3).
   It affects your intelligence (+8).
   It affects your dexterity (-3).
   It makes you more stealthy.
Jewellery
 a - an amulet of guardian spirit (around neck)
 e - the ring of Orthodoxy (right hand) {+Inv rElec rPois Int+4}
   (You bought it in a shop on level 1 of the Snake Pit)

   [ring of poison resistance]

   It affects your intelligence (+4).
   It insulates you from electricity.
   It protects you from poison.
   It lets you turn invisible.
 k - an uncursed amulet of harm {unknown}
 o - an uncursed ring of fire
 u - a +4 ring of evasion
 v - a +4 ring of dexterity
 w - an uncursed ring of stealth
 G - an uncursed amulet of faith
 H - a +5 amulet of reflection
 Q - an uncursed amulet of the gourmand
 Y - the ring "Kileq" (left hand) {Wiz *Slow +Blink Dex+6}
   (You found it on level 15 of the Dungeon)

   [ring of wizardry]

   It improves your spell success rate.
   It affects your dexterity (+6).
   It lets you blink.
   It may slow you when you take damage.
Wands
 h - a wand of polymorph (16)
 l - a wand of digging (13)
 I - a wand of random effects (82)
 K - a wand of acid (8)
 M - a wand of paralysis (32)
 N - a wand of clouds (5)
 O - a wand of flame (69)
 T - a wand of enslavement (14)
Scrolls
 j - 2 scrolls of blinking
 n - 11 scrolls of teleportation
 s - 12 scrolls of enchant armour
 y - 13 scrolls of remove curse
 A - a scroll of magic mapping
 B - a scroll of fog
 C - 3 scrolls of fear
 D - 2 scrolls of identify
 E - 5 scrolls of immolation
 F - 3 scrolls of enchant weapon
Potions
 d - 2 potions of ambrosia {unknown}
 f - 2 potions of cancellation {unknown}
 i - 13 potions of curing
 m - 7 potions of haste
 q - 2 potions of berserk rage {unknown}
 t - 4 potions of invisibility
 x - 7 potions of degeneration {unknown}
 z - 4 potions of might
 S - 4 potions of flight {unknown}
 W - a potion of resistance {unknown}
Comestibles
 c - 28 rations


   Skills:
 + Level 17.3 Fighting
 + Level 19.0 Axes
 + Level 16.5 Armour
 + Level 10.1 Dodging
 + Level 4.0 Stealth
 + Level 13.6 Shields
 + Level 1.0 Unarmed Combat
 + Level 0.3 Evocations


You had 15 spell levels left.
You didn't know any spells.

Dungeon Overview and Level Annotations

Branches:
Dungeon (15/15)            Temple (0/1) D:7            Lair (6/6) D:8
 Shoals (0/4) Lair:3        Snake (3/4) Lair:4        Slime (0/5) Lair:5
    Orc (2/2) D:10            Elf (0/3) Orc:2        Vaults (0/5) D:13
 Depths (0/5) D:15

Altars:
Elyvilon
Hepliaklqana
Okawaru
Qazlal
Uskayaw
Wu Jian
Xom
Yredelemnul
Zin
Beogh
Jiyva

Shops:
D:9 %:!   Orc:2 **([   Snake:1 =}=

Annotations:
Lair:6 exclusion: 2 oklob plants
Snake:3 Louise


Innate Abilities, Weirdness & Mutations

You reflexively headbutt those who attack you in melee.
You have a pair of horns on your head.


Message History

The deep elf archer shoots an arrow.
The arrow hits you!
* * * LOW HITPOINT WARNING * * *
You slice the starcursed mass!!
You headbutt the starcursed mass, but do no damage.
The starcursed mass is almost destroyed.
The deep elf archer shoots an arrow.
You block the arrow.
A starcursed mass splits.
A chorus of shrieks assaults your mind.
* * * LOW HITPOINT WARNING * * *
You hit the starcursed mass but do no damage.
You headbutt the starcursed mass.
You destroy the starcursed mass!
Trog accepts your kill.
You hit the starcursed mass but do no damage.
The deep elf archer moves out of view.
The starcursed mass misses you.
The starcursed mass shrieks in your mind.
* * * LOW HITPOINT WARNING * * *
The great orb of eyes gazes at you.
You are blasted!
You die...

.. . . #x ...# ..#
.# ## #.#...# ...
.. #.##.....#....#
# ...#.....#.#....
# # .
#.##....#''....∩ ..
#................
.#
#.#.##.#.#.....## #
#..##.X(@.....#.
#.##)∩.G........#
#...#............
#G.#...†..........#
# G#.#†.......)...#
..#.†...........#
#......#....######
###...##...## ..
#..# ..#...


You could see a starcursed mass, a great orb of eyes and a worldbinder
(wandering).

Vanquished Creatures
  Vashnia (Snake:2)
  Nikola (Snake:3)
  A lich (Abyss:2)
  Rupert (Lair:5)
  Gastronok (D:10)
  Kirke (Lair:5)
  A nagaraja (Snake:2)
  A fire giant (D:15)
  A deep elf elementalist (Abyss:2)
  A reaper (Abyss:2)
  A dire elephant (Lair:6)
  Snorg (Orc:1)
  3 naga warriors
  Fannar (Lair:2)
  An ice dragon (Lair:4)
  A merfolk avatar (Lair:6)
  A centaur warrior (D:14)
  4 hydras
  A death knight (D:12)
  9 two-headed ogres
  4 anacondas
  6 death yaks
  A tengu warrior (D:14)
  3 thrashing horrors (Abyss:2)
  11 naga sharpshooters
  5 shock serpents
  2 orc high priests (Orc:1)
  10 skeletal warriors
  A large abomination (Abyss:2)
  9 unseen horrors
  A glowing orange brain (Abyss:2)
  The ghost of Rwicked the Thaumaturge, a novice SpEE of Vehumet (D:9)
  A wizard (D:14)
  4 naga ritualists
  An anaconda skeleton (Abyss:2)
  2 deep elf magi
  2 orc knights
  6 orc sorcerers
  A mana viper (shapeshifter) (Abyss:2)
  3 ugly things
  3 mana vipers
  A manticore (Lair:6)
  2 salamanders
  A cyclops (Orc:1)
  2 guardian serpents
  2 elephants (Lair:6)
  23 black mambas
  6 naga magi
  2 centaur zombies
  A gargoyle (D:14)
  11 spiny frogs
  7 centaur skeletons
  A torpor snail (Lair:5)
  5 rime drakes
  10 komodo dragons
  7 polar bears
  11 trolls
  3 hornets (Lair:6)
  14 blink frogs
  A wind drake (Lair:6)
  13 hippogriffs
  7 slime creatures
  4 raiju (Abyss:2)
  Sigmund (D:2)
  9 wyverns
  A small abomination (Abyss:2)
  4 wraiths
  A vampire (D:13)
  2 hogs (Lair:5)
  47 yaks
  A golden eye (Abyss:2)
  A chaos spawn (Abyss:2)
  3 basilisks
  3 hungry ghosts
  3 vampire mosquitoes (D:14)
  3 wargs
  19 nagas
  A soldier ant (D:12)
  Edmund (D:5)
  16 water moccasins
  2 porcupines
  32 orc warriors
  9 ice beasts
  A sky beast (D:14)
  2 hornet zombies
  A black bear (D:11)
  11 ogres
  2 eyes of draining
  4 phantoms
  A necrophage (D:12)
  9 wolves
  17 centaurs
  12 crocodiles
  Blork the orc (Orc:1)
  2 big kobolds
  A gnoll sergeant (Orc:1)
  22 bullfrogs
  5 scorpions
  A wyvern skeleton (D:11)
  3 killer bees (D:8)
  4 wights (D:14)
  An electric eel (Lair:1)
  5 crimson imps
  A howler monkey (D:10)
  4 bullfrog zombies
  16 starcursed masses (Abyss:2)
  8 hounds
  4 jellies
  A quasit (D:6)
  An iron imp (Abyss:2)
  23 orc priests
  Crazy Yiuf (D:2)
  7 iguanas
  20 orc wizards
  13 worker ants
  A killer bee zombie (D:7)
  3 hound zombies
  15 adders
  6 river rats (Sewer)
  6 shadow imps
  A white imp (Abyss:2)
  3 adder skeletons
  2 worms (D:3)
  4 dart slugs
  3 leopard geckos
  109 orcs
  5 bats
  9 giant cockroaches
  4 goblins
  8 hobgoblins
  15 jackals
  14 kobolds
  11 quokkas
  6 ball pythons (Sewer)
  A ball python zombie (D:3)
  11 frilled lizards
  3 leopard gecko skeletons
  A quokka skeleton (D:8)
  14 rats
  2 fungi
  A plant (Lair:5)
865 creatures vanquished.

Vanquished Creatures (collateral kills)
  An orc warlord (Orc:2)
  2 trolls (Orc:2)
  An orc warrior (D:11)
  An orc priest (D:11)
  4 orcs (D:11)
9 creatures vanquished.

Vanquished Creatures (others)
  An orc high priest (Orc:2)
  A cyclops (D:12)
  A human (Lair:5)
  4 centaurs
  2 orcs (D:12)
  8 fungi
  11 plants
28 creatures vanquished.

Grand Total: 902 creatures vanquished

Notes
Turn   | Place    | Note
-------+----------+-------------------------------------------
     0 | D:1      | Madoushi the Minotaur Berserker began the quest for the Orb.
     0 | D:1      | Reached XP level 1. HP: 19/19 MP: 0/0
   364 | D:1      | Reached XP level 2. HP: 24/27 MP: 1/1
   872 | D:2      | Noticed Sigmund
   882 | D:2      | Killed Sigmund
   882 | D:2      | Reached skill level 4 in Axes
   882 | D:2      | Reached XP level 3. HP: 28/35 MP: 2/2
   882 | D:2      | Reached XP level 4. HP: 33/41 MP: 3/3
   882 | D:2      | Reached XP level 5. HP: 38/47 MP: 4/4
   995 | D:2      | Found a hide-covered altar of Uskayaw.
  1062 | D:2      | Found an iron altar of Okawaru.
  1071 | D:2      | Noticed a fire elemental
  1086 | D:2      | Found a stormy altar of Qazlal.
  1089 | D:2      | Noticed an air elemental
  1104 | D:2      | Noticed a water elemental
  1222 | D:2      | Reached ** piety under Trog
  1393 | D:2      | Reached skill level 5 in Axes
  1434 | D:2      | Found an ornate altar of the Wu Jian Council.
  1435 | D:2      | Found a basalt altar of Yredelemnul.
  1544 | D:2      | Found a runed door.
  1548 | D:2      | Noticed Crazy Yiuf
  1553 | D:2      | Killed Crazy Yiuf
  1553 | D:2      | Reached skill level 5 in Fighting
  1710 | D:3      | Reached XP level 6. HP: 47/56 MP: 5/5
  2490 | D:4      | Reached skill level 6 in Axes
  2521 | D:4      | Reached *** piety under Trog
  2589 | D:4      | Reached XP level 7. HP: 51/61 MP: 6/6
  2734 | D:4      | Found a glowing drain.
  2754 | D:4      | Reached skill level 7 in Axes
  2760 | Sewer    | Entered a sewer
  2849 | Sewer    | Reached skill level 5 in Armour
  3189 | D:4      | Reached skill level 1 in Stealth
  3570 | D:4      | Reached **** piety under Trog
  3574 | D:4      | Reached XP level 8. HP: 62/70 MP: 7/7
  3692 | D:5      | Entered Level 5 of the Dungeon
  3727 | D:5      | Reached skill level 8 in Axes
  3791 | D:5      | Reached skill level 5 in Dodging
  4006 | D:5      | Found a white marble altar of Elyvilon.
  4096 | D:5      | Found a hazy altar of Hepliaklqana.
  4194 | D:5      | Noticed Edmund
  4210 | D:5      | Killed Edmund
  4812 | D:6      | Reached skill level 9 in Axes
  5497 | D:7      | Reached XP level 9. HP: 78/78 MP: 8/8
  5596 | D:7      | Reached ***** piety under Trog
  5754 | D:7      | Found a staircase to the Ecumenical Temple.
  5985 | D:8      | Noticed a two-headed ogre
  5994 | D:8      | Killed a two-headed ogre
  5994 | D:8      | Reached skill level 10 in Axes
  6257 | D:8      | Found a staircase to the Lair.
  6518 | D:8      | Noticed a two-headed ogre
  6534 | D:8      | Killed a two-headed ogre
  6534 | D:8      | Reached skill level 11 in Axes
  6777 | D:8      | Reached XP level 10. HP: 81/88 MP: 9/9
  7100 | D:9      | Found Dalinwe's Book Shop.
  7171 | D:9      | Received a gift from Trog
  7261 | D:9      | Noticed a two-headed ogre
  7270 | D:9      | Killed a two-headed ogre
  7270 | D:9      | Reached skill level 12 in Axes
  7391 | D:9      | Noticed Rwicked's ghost (novice SpEE)
  7403 | D:9      | Killed Rwicked's ghost
  7555 | D:9      | Found Acsoeva's Food Boutique.
  7803 | D:9      | Found Kaynuqex's Distillery.
  7992 | D:9      | You fall through a shaft for 3 floors!
  8047 | D:11     | Killed an unseen horror
  8166 | D:11     | Reached skill level 10 in Armour
  8217 | D:11     | Noticed a two-headed ogre
  8225 | D:11     | Killed a two-headed ogre
  8254 | D:11     | Reached skill level 13 in Axes
  8255 | D:11     | Reached XP level 11. HP: 49/97 MP: 10/10
  8728 | D:11     | Noticed a four-headed hydra
  8739 | D:11     | Killed a one-headed hydra
  9079 | D:11     | Reached skill level 10 in Fighting
  9116 | D:11     | Noticed a purple ugly thing
  9135 | D:11     | Killed a purple ugly thing
  9367 | D:10     | Entered Level 10 of the Dungeon
  9490 | D:10     | Noticed a two-headed ogre
  9499 | D:10     | Killed a two-headed ogre
  9692 | D:10     | Reached skill level 14 in Axes
  9753 | D:10     | Found a viscous altar of Jiyva.
  9761 | D:10     | Killed an unseen horror
  9901 | D:10     | Found a staircase to the Orcish Mines.
  9901 | D:10     | Noticed Gastronok
  9918 | D:10     | Killed Gastronok
  9918 | D:10     | Reached XP level 12. HP: 110/110 MP: 11/11
 10410 | D:10     | Got a brightly glowing leather armour
 10411 | D:10     | Identified the +2 leather armour of the Crown {*Contam MP+9 SInv} (You found it on level 10 of the Dungeon)
 10590 | Lair:1   | Entered Level 1 of the Lair of Beasts
 10830 | Lair:1   | Reached skill level 15 in Axes
 11584 | Lair:2   | Noticed a death yak
 11586 | Lair:2   | Noticed a death yak
 11596 | Lair:2   | Noticed a death yak
 11599 | Lair:2   | Noticed a death yak
 11601 | Lair:2   | Noticed a death yak
 11606 | Lair:2   | Killed a death yak
 11607 | Lair:2   | Noticed a death yak
 11615 | Lair:2   | Killed a death yak
 11629 | Lair:2   | Killed a death yak
 11629 | Lair:2   | Killed a death yak
 11633 | Lair:1   | Killed a death yak
 11960 | Lair:2   | Killed a death yak
 12577 | Lair:2   | Noticed Fannar
 12592 | Lair:2   | Killed Fannar
 12592 | Lair:2   | Reached XP level 13. HP: 119/119 MP: 12/12
 12784 | Lair:3   | Found a staircase to the Shoals.
 12799 | Lair:3   | Received a gift from Trog
 12920 | Lair:3   | You fall through a shaft for 2 floors!
 12922 | Lair:5   | Found a staircase to the Slime Pits.
 13208 | Lair:4   | Found a staircase to the Snake Pit.
 13368 | Lair:4   | Reached skill level 1 in Shields
 15167 | Lair:5   | Reached skill level 16 in Axes
 15264 | Lair:5   | Noticed Kirke
 15286 | Lair:5   | Killed Kirke
 16250 | Lair:6   | Entered Level 6 of the Lair of Beasts
 16288 | Lair:6   | Noticed a dire elephant
 16311 | Lair:6   | Killed a dire elephant
 16324 | Lair:6   | Reached skill level 5 in Shields
 16618 | Lair:6   | Reached skill level 1 in Unarmed Combat
 16625 | Lair:6   | Reached ****** piety under Trog
 16667 | Lair:6   | Paralysed by a hornet for 2 turns
 16738 | Lair:6   | Noticed Rupert
 17053 | Lair:5   | Killed Rupert
 17053 | Lair:5   | Reached XP level 14. HP: 47/132 MP: 5/13
 17329 | Lair:6   | Paralysed by a hornet for 1 turns
 17871 | Lair:6   | Reached skill level 15 in Armour
 18268 | Lair:6   | Received a gift from Trog
 18937 | Orc:1    | Entered Level 1 of the Orcish Mines
 19148 | Orc:1    | Noticed Blork the orc
 19176 | Orc:1    | Killed Blork the orc
 19370 | Orc:1    | Noticed Snorg
 19636 | Orc:1    | Killed Snorg
 20311 | Orc:2    | Entered Level 2 of the Orcish Mines
 20327 | Orc:2    | Received a gift from Trog
 20336 | Orc:2    | Reached skill level 15 in Fighting
 20579 | Orc:2    | Found a staircase to the Elven Halls.
 20616 | Orc:2    | Found a roughly hewn altar of Beogh.
 20689 | Orc:2    | Found a roughly hewn altar of Beogh.
 20690 | Orc:2    | Found Ushroud's Assorted Antiques.
 20994 | Orc:2    | Found a roughly hewn altar of Beogh.
 21004 | Orc:2    | Found Awecsar's Assorted Antiques.
 21272 | Orc:2    | Found a roughly hewn altar of Beogh.
 21421 | Orc:2    | Paralysed by an orc sorcerer for 5 turns
 21431 | Orc:2    | Received a gift from Trog
 21448 | Orc:2    | Noticed an orc warlord
 21471 | Orc:2    | Killed an orc warlord
 21662 | Orc:2    | Found Hiebb's Antique Weapon Shoppe.
 21665 | Orc:2    | Found a roughly hewn altar of Beogh.
 21706 | Orc:2    | Found Vevveic's Antique Armour Emporium.
 21736 | Orc:2    | Bought a shiny shield for 225 gold pieces
 22143 | Orc:2    | Found a roughly hewn altar of Beogh.
 22967 | D:12     | Reached skill level 17 in Axes
 23124 | D:12     | Received a gift from Trog
 23528 | D:13     | Reached XP level 15. HP: 141/141 MP: 14/14
 23596 | D:13     | Received a gift from Trog
 23600 | D:13     | Found a gate to the Vaults.
 23759 | D:13     | Reached skill level 10 in Shields
 24537 | D:14     | Received a gift from Trog
 24722 | D:14     | Reached skill level 18 in Axes
 25215 | D:15     | Entered Level 15 of the Dungeon
 25421 | D:15     | Got a slimy iron ring
 25487 | D:15     | Got a warped scale mail
 25488 | D:15     | Identified the +3 scale mail "Qudee" {Str+3 Int+8 Dex-3 Stlth+} (You found it on level 15 of the Dungeon)
 25500 | D:15     | Found a staircase to the Depths.
 25501 | D:15     | Noticed a fire giant
 25524 | D:15     | Killed a fire giant
 26019 | D:15     | Found a glowing silver altar of Zin.
 26405 | Snake:1  | Entered Level 1 of the Snake Pit
 26542 | Lair:4   | Identified the ring "Kileq" {Wiz *Slow +Blink Dex+6} (You found it on level 15 of the Dungeon)
 26724 | Snake:1  | Found Coaxt's Gadget Shoppe.
 26725 | Snake:1  | Found Vumimaz's Jewellery Shop.
 26727 | Snake:1  | Found Yfahoceu's Jewellery Shop.
 27118 | Snake:1  | Bought the ring of Orthodoxy {+Inv rElec rPois Int+4} for 592 gold pieces
 27246 | Snake:1  | Found a shimmering altar of Xom.
 28351 | Snake:2  | Noticed a nagaraja
 28546 | Snake:2  | Reached XP level 16. HP: 127/152 MP: 12/15
 29606 | Snake:2  | Noticed Vashnia
 29628 | Snake:2  | Killed Vashnia
 30031 | Snake:3  | Received a gift from Trog
 30171 | Snake:3  | Noticed Nikola
 30191 | Snake:3  | Killed Nikola
 30202 | Snake:3  | Noticed Louise
 30214 | Snake:3  | Cast into level 2 of the Abyss (Louise)
 30246 | Abyss:2  | Reached skill level 10 in Dodging
 30271 | Abyss:2  | Paralysed by accursed screaming for 1 turns
 30375 | Abyss:2  | Noticed a lich
 30401 | Abyss:2  | Killed a lich
 30401 | Abyss:2  | Reached skill level 19 in Axes
 30494 | Abyss:2  | Blown up by a great orb of eyes

Skill      XL: |  1  2  3  4  5  6  7  8  9 10 11 12 13 14 15 16 |
---------------+-------------------------------------------------+-----
Fighting       | 4 5 6 8 9 11 12 14 15 16 17 | 17.3
Axes           | 4 5 6 7 9 11 13 14 15 16 17 18 19 | 19.0
Armour         | 3 4 5 6 8 10 12 13 14 15 16 | 16.5
Dodging        | 3 4 5 6 7 8 9 10 | 10.1
Stealth        | 1 2 3 4 |  4.0
Shields        | 6 9 12 13 | 13.6
Unarmed Combat | 1 |  1.0
Evocations     | |  0.3

Action                   |  1- 3 |  4- 6 |  7- 9 | 10-12 | 13-15 | 16-18 || total
-------------------------+-------+-------+-------+-------+-------+-------++-------
Melee: Hand axe          |    34 |    98 |   307 |   530 |   828 |       ||  1797
       Headbutt          |     5 |    20 |    69 |   166 |   335 |    58 ||   653
       Unarmed           |       |       |       |       |     7 |       ||     7
       Broad axe         |       |       |       |       |   467 |   203 ||   670
Invok: Berserk           |       |       |     4 |     6 |     4 |     4 ||    18
       Burn Spellbooks   |       |       |       |     1 |     3 |     1 ||     5
       Trog's Hand       |       |       |       |     1 |     1 |     2 ||     4
       Brothers in Arms  |       |       |       |     1 |     1 |       ||     2
 Abil: Evoke Blink       |       |       |       |       |       |     2 ||     2
  Use: Scroll            |       |     7 |     8 |     8 |     9 |     2 ||    34
       Potion            |       |       |       |     4 |     2 |     1 ||     7
 Stab: Distracted        |       |       |       |       |     1 |       ||     1
       Sleeping          |       |       |       |       |       |     1 ||     1
  Eat: Ration            |       |     2 |     1 |     5 |    13 |     3 ||    24
       Chunk             |       |     1 |    11 |     7 |    14 |       ||    33
Armor: Animal skin       |    11 |     2 |       |       |       |       ||    13
       Ring mail         |       |    38 |    46 |       |       |       ||    84
       Chain mail        |       |       |    58 |   226 |   443 |       ||   727
       Scale mail        |       |       |       |       |    42 |    44 ||    86
Dodge: Dodged            |    26 |    90 |   169 |   235 |   558 |    80 ||  1158
Block: Shield            |       |       |       |     1 |   852 |   163 ||  1016
       Reflection        |       |       |       |       |    44 |       ||    44
